Zazza, neutral female human Tourist -------+---- ------------ ------- |......^...| |..........| |.....| ##...........| ##....<....... ------ |.....| # |..........| # |..........| .....| |......#####`|..........|### ----------.- |....| |.....| # `----.-------##############`# |....| ----.--### ########## # |.....# # # # # # ##.....|# # # # ### # # ------# # # # # # ### # # # ## # --------.------- # # ### # ---|----# |..............-## @r# --|---# |......-## ...............| f----- |....|# |.>.^..|# |..............| #|...| |....-# |......| |..............| #..>.| |....| |......| ---------------- |...| ------ |......| ----- -------- Zazza the Rambler Experience level: 1 Strength: 11 Dexterity: 9 Constitution: 18 Intelligence: 14 Wisdom: 9 Charisma: 16 Health: 0(10) Energy: 2(2) Def: 3 Gold: 129 Moves: 1823 Dungeon seed: vtfkxvwvllv9PSTr Game ID: Zazza_1581108148 Your Inventory: Coins $ - 129 gold pieces Weapons a - 24 +2 darts (in quiver) o - a +0 bardiche s - 4 +0 shuriken w - a cursed +0 elven dagger (weapon in hand) Armor e - an uncursed +0 Hawaiian shirt (being worn) y - an uncursed +0 studded leather armor (being worn) Comestibles b - 3 uncursed food rations i - an uncursed sprig of wolfsbane j - an uncursed carrot z - an uncursed yellow mold corpse A - an uncursed green mold corpse Scrolls l - 3 uncursed scrolls of magic mapping t - an uncursed scroll of enchant weapon u - a cursed scroll of taming Potions k - 2 uncursed potions of extra healing p - an uncursed potion of booze Wands r - a cursed wand of enlightenment (0:10) Tools m - an expensive camera (0:35) n - an uncursed credit card v - an uncursed oil lamp (0:1260) Spells and supernatural/magical abilities: Name Level Category Fail Memory W - pray for help -- divine ? -- Your skills at the end: Fighting Skills Weapon Skills dart [Basic] Spellcasting Skills Final Attributes: You were stridently aligned. You are dead. Vanquished creatures: a hobbit 2 giant rats a yellow mold a green mold a gnome zombie 2 geckos 7 jackals a fox a sewer rat 2 grid bugs 4 lichens a kobold zombie 2 newts 26 creatures vanquished. Voluntary challenges: You used a wielded weapon 9 times, starting on turn 696. You read items or engraved 4 times, starting on turn 1209. You never genocided any monsters. You never polymorphed an object. You never changed form. You used no wishes. You never split a pudding. You wrote Elbereth's name 2 times, starting on turn 1233. You never violated your personal moral code. Dungeon overview: The Dungeons of Doom: levels 1 to 4 Level 1 a fountain a long staircase Level 2 Level 3 an altar to Offler, a fountain Level 4 <- You were here a long staircase History has recorded: On T:1 you entered the Dungeons of Doom to retrieve the Amulet of Yendor! On T:469 you reached level 2 of The Dungeons of Doom. On T:989 you reached level 3 of The Dungeons of Doom. On T:1548 you reached level 4 of The Dungeons of Doom. Score breakdown: Gold: 0 ( 0 points) Experience: 1 level ( 0 points) Exploration: 4 levels ( 8.00%) ( 7423 points) Discoveries: 1 item ( 0.34%) ( 1737 points) Valuables value: (no points given unless you survive) Artifact value: 0 ( 0 points) Variety of kills: 13 monsters ( 3.41%) ( 5541 points) Turncount: 1823 turns ( 0 points) Survival: died (score multiplied by 80%) Total score: 11760 Latest messages: The gnome zombie hits Armand. You destroy the gnome zombie! You displace Armand. With great effort you move the boulder. You displace Armand. $ - 59 gold pieces. You displace Armand. The giant rat bites! The giant rat just misses! You miss the giant rat. (2x) The giant rat bites! You hit the giant rat. The giant rat bites! You miss the giant rat. Armand misses the giant rat. The giant rat bites! Armand bites the giant rat. The giant rat bites Armand. You miss the giant rat. Armand misses the giant rat. The giant rat bites! You hit the giant rat. Armand misses the giant rat. The giant rat bites! You die... Final status: Aloha Zazza the Tourist, killed by a giant rat... You died in The Dungeons of Doom on dungeon level 4 with 11760 points, and 129 pieces of gold, after 1823 moves. You were level 1 with a maximum of 10 hit points when you died.